 Dungeon Crawl Stone Soup version 0.25.1-2-g60ff931df9 (webtiles) character file.

Game seed: 6888121569354693653

25 gruber the Chiller (level 2, 0/20 HPs)
             Began as a Draconian Ice Elementalist on Nov 10, 2020.
             Slain by Terence
             ... wielding a +3 short sword of speed
              (9 damage)
             ... on level 2 of the Dungeon.
             The game lasted 00:01:26 (773 turns).

gruber the Chiller (Draconian Ice Elementalist)      Turns: 773, Time: 00:01:26

Health: 0/20       AC:  4    Str: 10    XL:     2   Next: 86%
Magic:  4/5        EV: 12    Int: 15    God:
Gold:   47         SH:  0    Dex: 11    Spells: 4/5 levels left

rFire    . . .     SeeInvis .   (no weapon)
rCold    . . .     Gourm    .   (no shield)
rNeg     . . .     Faith    .   (armour unavailable)
rPois    .         Spirit   .   (helmet restricted)
rElec    .         Reflect  .   (no cloak)
rCorr    .         Harm     .   (no gloves)
MR       .....                  (no boots)
Stlth    ++........             (no amulet)
HPRegen  0.06/turn              (no ring)
MPRegen  0.09/turn              (no ring)

@: no status effects
A: unfitting armour, cold-blooded, AC +4
a: no special abilities


You were on level 2 of the Dungeon.
You were not hungry.

You visited 1 branch of the dungeon, and saw 2 of its levels.

You collected 47 gold pieces.

Inventory:

Wands
 e - a wand of random effects (12)
Potions
 c - 2 potions of might {unknown}
 d - a potion of brilliance {unknown}
Comestibles
 a - 6 chunks of flesh
 b - 2 rations


   Skills:
 - Level 1.7 Dodging
 - Level 1.7 Stealth
 - Level 2.0 Spellcasting
 + Level 4.9 Ice Magic


You had 4 spell levels left.
You knew the following spells:

 Your Spells              Type           Power        Failure   Level  Hunger
a - Freeze                Ice            ###.         3%          1    #......

Your spell library contained the following spells:

 Spells                   Type           Power        Failure   Level  Hunger
 Frozen Ramparts          Ice            ###...       9%          3    ###....
 Ozocubu's Armour         Chrm/Ice       #.......     24%         3    ###....
 Hailstorm                Conj/Ice       #.......     63%         4    #####..
 Summon Ice Beast         Ice/Summ       #.......     63%         4    #####..


Dungeon Overview and Level Annotations

Branches:
Dungeon (1/15)

Altars:

Annotations:
D:2 Terence


Innate Abilities, Weirdness & Mutations

Your plain brown scales are hard. (AC +4)
You cannot fit into any form of body armour.
You are cold-blooded and may be slowed by cold attacks.


Message History

e - a wand of random effects (14) Terence barely misses you.
Evoke which item? (* to show all) (? for menu, Esc to quit)
Aiming: Random Effects
Press: ? - help, Shift-Dir - straight line, f - Terence
Aim: Terence, wielding a +3 short sword of speed and wearing a +0 scale mail Terence resists with significant effort.
Terence hits you with a +3 short sword of speed.
Unknown command.
Unknown command.
Evoke which item? (* to show all) (? for menu, Esc to quit)
Aiming: Random Effects
Press: ? - help, Shift-Dir - straight line, f/p - Terence
Aim: Terence, wielding a +3 short sword of speed and wearing a +0 scale mail The fireball explodes!
The fireball engulfs Terence!
Terence is heavily wounded.
The fireball engulfs you!
Ouch! That really hurt!
Terence hits you with a +3 short sword of speed!
You die...

#.# .# #.##.#.#.###
........... #.##.#...#
#########.##.#...#
#.......#.##.....#
#.......#.[...#.#
#.......#.......#...
#....@@....#....@.#
##.
####......(####.######
.. ..##.......# #....#
#.##.##.!.....# ##.#.#
..#.########## ###รท#
#.#.# #####.#
#.###.#.# #.....#
#.......##### #.#####
#.......# #(#


You could see Terence.

Vanquished Creatures
  A dart slug (D:2)
  A leopard gecko (D:1)
  A bat (D:1)
  A giant cockroach (D:1)
  3 goblins
  4 hobgoblins (D:1)
  2 jackals (D:2)
  2 kobolds
  A quokka (D:2)
  A frilled lizard (D:1)
  2 rats (D:1)
19 creatures vanquished.

Notes
Turn   | Place    | Note
-------+----------+-------------------------------------------
     0 | D:1      | gruber the Draconian Ice Elementalist began the quest for
                  | the Orb.
     0 | D:1      | Reached XP level 1. HP: 14/14 MP: 3/3
   288 | D:1      | Reached XP level 2. HP: 17/20 MP: 0/5
   619 | D:1      | You fall into a shaft and drop 1 floor!
   625 | D:2      | Noticed Terence
   773 | D:2      | Slain by Terence

Illustrated notes

Levels and vault maps discovered:
D:1:      psy_arrival_terrarium, layout_basic
D:2:      layout_loops_cross, first_ration, grunt_qazlal_clouds, uniq_jessica,
          uniq_terence

Action                   || total
-------------------------++-------
Melee: Unarmed           ||    31
       Tailslap          ||     3
 Cast: Freeze            ||    27
Evoke: Wand              ||     2
 Stab: Sleeping          ||     1
Armor: Skin              ||    14
Dodge: Dodged            ||    40
